 Dungeon Crawl Stone Soup version 0.20.1-1-g8b1a95d (webtiles) character file.

107 Mesmaeker13 the Magician (level 4, 0/33 HPs)
             Began as a Draconian Wizard on July 30, 2017.
             Slain by bli's ghost (5 damage)
             ... on level 3 of the Dungeon.
             The game lasted 00:07:29 (2600 turns).

Mesmaeker13 the Magician (Draconian Wizard)         Turns: 2600, Time: 00:07:30

Health: 0/33       AC:  7    Str: 10    XL:     4   Next: 57%
Magic:  2/8        EV: 12    Int: 23    God:
Gold:   122        SH:  3    Dex:  9    Spells: 3/9 levels left

rFire    . . .     SeeInvis .   r - +2 dagger (flame)
rCold    . . .     Gourm    .   j - +0 buckler
rNeg     . . .     Faith    .   (armour unavailable)
rPois    .         Spirit   .   a - +0 hat
rElec    .         Reflect  .   m - +1 cloak
rCorr    .         Harm     .   (no gloves)
MR       .....                  (no boots)
Stlth    ++........             (no amulet)
Regen    0.2/turn               k - +4 ring of intelligence
MPRegen  0.2/turn               (no ring)

@: very slightly contaminated
A: unfitting armour, cold-blooded, AC +5
a: no special abilities


You were on level 3 of the Dungeon.
You were near starving.

You visited 1 branch of the dungeon, and saw 3 of its levels.

You collected 122 gold pieces.

Inventory:

Hand Weapons
 r - a +2 dagger of flaming (weapon)
Missiles
 s - 2 curare-tipped needles
Armour
 a - a +0 hat (worn)
 j - a +0 buckler (worn)
 m - a +1 cloak (worn)
Jewellery
 k - a +4 ring of intelligence (left hand)
Scrolls
 g - a scroll of enchant armour {unknown}
 i - a scroll of teleportation {unknown}
 l - a scroll of fog {unknown}
 q - 2 scrolls of remove curse {unknown}
Potions
 e - a potion of invisibility {unknown}
 f - a potion of haste
 h - a potion of curing
 p - a potion of agility {unknown}
Books
 b - a book of Minor Magic

   Spells                             Type                      Level
   a - Magic Dart                     Conjuration                  1
   b - Blink                          Translocation                2
   c - Call Imp                       Summoning                    2
   d - Slow                           Hexes                        2
   e - Conjure Flame                  Conjuration/Fire             3
   f - Mephitic Cloud                 Conjuration/Poison/Air       3
Comestibles
 c - 2 bread rations
 d - a royal jelly
 n - a meat ration
 o - a fruit


   Skills:
 + Level 2.6 Dodging
 - Level 1.7 Stealth
 + Level 1.3 Shields
 - Level 3.2 Spellcasting
 + Level 2.4 Conjurations
 - Level 2.0 Summonings
   Level 1.0 Translocations
 + Level 0.2 Poison Magic


You had 3 spell levels left.
You knew the following spells:

 Your Spells              Type           Power        Failure   Level  Hunger
a - Magic Dart            Conj           ###.         6%          1    None
b - Call Imp              Summ           ##......     11%         2    ##.....
c - Mephitic Cloud        Conj/Pois/Air  #.......     32%         3    ###....


Dungeon Overview and Level Annotations

Branches:
Dungeon (3/15)

Altars:
Nemelex Xobeh

Annotations:
D:3 bli's ghost, amateur DrWn


Innate Abilities, Weirdness & Mutations

Your plain brown scales are hard. (AC +5)
You cannot fit into any form of body armour.
You are cold-blooded and may be slowed by cold attacks.


Message History

Bli's ghost hits you.
* * * LOW HITPOINT WARNING * * *
Your shadow imp hits bli's ghost but does no damage.
You hit bli's ghost. You burn bli's ghost.
Bli's ghost is almost destroyed.
Bli's ghost closely misses you.
Your shadow imp barely misses bli's ghost.
You barely miss bli's ghost.
Bli's ghost is almost destroyed.
Bli's ghost hits you but does no damage.
Your shadow imp closely misses bli's ghost.
You hit bli's ghost. You burn bli's ghost.
Bli's ghost is almost destroyed.
Bli's ghost hits you.
* * * LOW HITPOINT WARNING * * *
Your shadow imp hits bli's ghost but does no damage.
You closely miss bli's ghost.
Bli's ghost is almost destroyed.
Bli's ghost hits you.
You die...

##..## #.# .....##
#(# ##.....## #.#
##.?.....## #.###
#.........####....
+....>....+.<.....
#..5......####....
###W......## ##.#.
#.@.......# ###.
#.###...#.# #. #.#
#+##.# #.
#.#####.####.##.#
#.
#.......)....##.#
##
#######.###..##.# #
#.#.......##### #
#.#...........# #
#.........###.#####


You could see bli's ghost and a friendly shadow imp.

Vanquished Creatures
  A gnoll (D:2)
  2 adders
  3 oozes
  A worm (D:2)
  3 dart slugs
  3 leopard geckos (D:1)
  3 ball pythons
  2 giant cockroaches (D:1)
  3 goblins
  3 hobgoblins
  A jackal (D:2)
  3 quokkas
  4 bats
  5 frilled lizards
  5 kobolds
  6 rats
48 creatures vanquished.

Vanquished Creatures (collateral kills)
  A worm (D:2)
  A giant cockroach (D:2)
  A goblin (D:2)
  2 jackals (D:2)
  2 kobolds (D:2)
  A bat (D:2)
  A frilled lizard (D:2)
9 creatures vanquished.

Grand Total: 57 creatures vanquished

Notes
Turn   | Place    | Note
-------+----------+-------------------------------------------
     0 | D:1      | Mesmaeker13 the Draconian Wizard began the quest for the Orb.
     0 | D:1      | Reached XP level 1. HP: 14/14 MP: 4/4
   344 | D:1      | Reached XP level 2. HP: 19/20 MP: 3/6
   931 | D:1      | Reached XP level 3. HP: 16/26 MP: 1/7
  1301 | D:1      | Learned a level 2 spell: Call Imp
  1653 | D:2      | Found a sparkling altar of Nemelex Xobeh.
  1681 | D:2      | Reached XP level 4. HP: 33/33 MP: 1/8
  1683 | D:2      | Reached skill level 1 in Shields
  2419 | D:2      | Learned a level 3 spell: Mephitic Cloud
  2574 | D:3      | Noticed bli's ghost (amateur DrWn)
  2600 | D:3      | Slain by bli's ghost

Skill      XL: |  1  2  3  4 |
---------------+-------------+-----
Dodging        | 2 |  2.6
Conjurations   | 2 |  2.4
Shields        | 1 |  1.3
Summonings     | 2 |  2.0
Stealth        | |  1.7
Spellcasting   | |  3.2
Translocations | |  1.0
Poison Magic   | |  0.2

Action                   |  1- 3 |  4- 6 || total
-------------------------+-------+-------++-------
Melee: Short sword       |    93 |    39 ||   132
       Tailslap          |     5 |     5 ||    10
       Dagger            |       |    29 ||    29
 Cast: Magic Dart        |    58 |    13 ||    71
       Call Imp          |     4 |     6 ||    10
  Use: Scroll            |     2 |     1 ||     3
       Potion            |       |     1 ||     1
 Stab: Sleeping          |     2 |       ||     2
  Eat: Chunk             |     2 |     2 ||     4
Armor: Skin              |    35 |    22 ||    57
Dodge: Dodged            |    77 |    71 ||   148
Block: Buckler           |       |     3 ||     3
